 Dungeon Crawl Stone Soup version 0.25.0-9-g26727b657a (webtiles) character file.

Game seed: 7347962293129785960

21399 Froggeryz the Severer (level 12, -3/73 HPs)
             Began as a Gargoyle Gladiator on June 18, 2020.
             Was the Champion of Okawaru.
             Slain by a death yak (17 damage)
             ... in an ice cave.
             The game lasted 00:19:38 (15516 turns).

Froggeryz the Severer (Gargoyle Gladiator)         Turns: 15516, Time: 00:19:39

Health: -3/73      AC: 25    Str: 29    XL:     12   Next: 89%
Magic:  11/12      EV: 12    Int:  9    God:    Okawaru [******]
Gold:   638        SH:  8    Dex: 11    Spells: 11/11 levels left

rFire    + . .     SeeInvis +   a - +1 war axe
rCold    + . .     Gourm    .   F - +1 buckler (curse)
rNeg     + . .     Faith    .   s - +0 chain mail {MR+}
rPois    ∞         Spirit   .   c - +0 helmet
rElec    +         Reflect  .   u - scarf {repulsion}
rCorr    +         Harm     .   y - +0 pair of gloves
MR       +....                  g - +0 pair of boots
Stlth    ..........             (no amulet)
HPRegen  0.22/turn              P - ring of see invisible
MPRegen  0.13/turn              E - +6 ring of strength

@: mighty, resistant, heroism, repel missiles
A: negative energy resistance 1, electricity resistance, unbreathing,
petrification resistance, rot immunity, AC +8
a: Heroism, Finesse, Renounce Religion


You were in an ice cave.
You worshipped Okawaru.
Okawaru was exalted by your worship.
You were not hungry.

You visited 2 branches of the dungeon, and saw 13 of its levels.
You also visited: Ice Cave.

You collected 666 gold pieces.
You spent 28 gold pieces at shops.

Inventory:

Hand Weapons
 a - a +1 war axe (weapon)
 M - the +4 whip "Killer Bee's Bane" {freeze, +Rage Str+4}
   (You found it on level 7 of the Dungeon)

   It has been specially enchanted to freeze those struck by it, causing extra
   injury to most foes and up to half again as much damage against particularly
   susceptible opponents.
   It can also slow down cold-blooded creatures.
   It affects your strength (+4).
   It lets you go berserk.
Missiles
 d - 3 throwing nets (quivered)
Armour
 c - a +0 helmet (worn)
 g - a +0 pair of boots (worn)
 j - a +0 kite shield
 s - a +0 chain mail of magic resistance (worn)
 u - a scarf of repulsion (worn)
 y - a +0 pair of gloves (worn)
 F - a cursed +1 buckler (worn)
 Q - the +2 chain mail of Qievvamu {rPois rF+}
   (You found it on level 9 of the Dungeon)

   It protects you from fire.
   It protects you from poison.
Jewellery
 E - a +6 ring of strength (right hand)
 G - an uncursed ring of protection from fire
 N - an uncursed ring of fire
 P - a ring of see invisible (left hand)
Wands
 b - a wand of acid (25)
 p - a wand of digging (10)
 r - a wand of paralysis (24)
 B - a wand of polymorph (15)
 D - a wand of iceblast (17)
 L - a wand of random effects (33)
 R - a wand of flame (28)
 S - a wand of clouds (4)
Scrolls
 h - 2 scrolls of fear
 i - a scroll of identify
 k - 4 scrolls of amnesia
 l - 9 scrolls of teleportation
 o - 7 scrolls of remove curse
 q - 4 scrolls of enchant weapon
 w - 2 scrolls of magic mapping
 H - a scroll of enchant armour
 J - a scroll of fog
Potions
 m - a potion of cancellation
 n - a potion of invisibility
 t - 4 potions of haste
 v - a potion of brilliance
 x - 2 potions of ambrosia
 z - 3 potions of stabbing
 A - 3 potions of mutation
 C - a potion of resistance
 I - a potion of magic
 K - 4 potions of flight
 O - a potion of degeneration
 U - a potion of curing {unknown}
Comestibles
 f - 16 rations
 T - 10 chunks of flesh


   Skills:
 - Level 8.1(13.1) Fighting
 * Level 15.2(20.2) Axes
 - Level 1.7(6.7) Throwing
 - Level 6.4(11.4) Armour
 - Level 2.4(7.4) Dodging
 + Level 8.7(13.7) Shields


You had 11 spell levels left.
You didn't know any spells.
Your spell library contained the following spells:

 Spells                   Type           Power        Failure   Level  Hunger
 Confusing Touch          Hex            #.......     99%         3    ####...
 Gell's Gravitas          Tloc           #.........   99%         3    ####...
 Petrify                  Tmut/Erth      #.......     100%        4    #####..
 Metabolic Englaciation   Hex/Ice        #.........   100%        5    ######.
 Yara's Violent Unravell  Hex/Tmut       #.........   100%        5    ######.


Dungeon Overview and Level Annotations

Branches:
Dungeon (11/15)            Temple (0/1) D:6            Lair (2/6) D:11
    Orc (0/2) D:11          IceCv (1/1)
  Swamp: Lair:2-4    Shoals: Lair:2-4     Snake: Lair:2-4    Spider: Lair:2-4

Altars:
Fedhas
Gozag
Kikubaaqudgha
Makhleb
Nemelex Xobeh
Okawaru
Qazlal
Trog
Zin
The Shining One

Shops:
D:7 [=   D:9 ?


Innate Abilities, Weirdness & Mutations

You are resistant to torment.
Your stone body is resilient. (AC +8)
You are immune to poison.
You resist negative energy. (rN+)
You are resistant to electric shocks. (rElec)
You can survive without breathing.
You are immune to petrification.
You are immune to rotting.


Message History

You slash the frost giant!
The frost giant is severely wounded.
You slash the death yak! The death yak gores you!
* * * LOW HITPOINT WARNING * * *
The frost giant casts a spell at you.
The bolt of cold is repelled.
You slash the death yak!
The death yak is heavily wounded.
The death yak gores you but does no damage.
You feel very mighty all of a sudden.
The death yak gores you but does no damage.
You slash the death yak!
The death yak is heavily wounded.
You slice the death yak!!
The death yak is almost dead.
The death yak gores you but does no damage.
You slash the death yak!
The death yak is almost dead.
The death yak gores you!
You die...

##÷....## #
####...## ##...####
###....######
###...#.... ###
###....## ##.######
####### ###.#.#...##
### #.@###...⌠.#
##..
###Yk###.#.#####...
#Y.C##..#####.....#
#.h.###..####.....##
#..Yh ##...#....###
##... ###...####
###. ##### $. =#


You could see a frost giant, a death yak and a rime drake.

Vanquished Creatures
  Erolcha (D:10)
  A cyclops (D:11)
  Joseph (D:6)
  A gargoyle (D:10)
  4 spiny frogs
  An ice statue (IceCv)
  2 rime drakes
  A komodo dragon (Lair:1)
  A troll (D:10)
  14 polar bears (IceCv)
  3 meliai
  A hippogriff (Lair:1)
  Sigmund (D:6)
  Eustachio (D:6)
  A wyvern (D:10)
  35 yaks
  A wraith (D:11)
  A hungry ghost (D:8)
  Menkaure (D:7)
  Edmund (D:5)
  3 water moccasins
  4 porcupines (Lair:1)
  Duvessa (D:4)
  2 ice beasts
  3 sky beasts
  4 orc warriors
  3 phantoms
  A black bear (D:10)
  An ogre (D:6)
  14 wolves (IceCv)
  8 centaurs
  A crocodile (Lair:1)
  A big kobold (D:10)
  6 bullfrogs
  Blork the orc (D:6)
  Dowan (D:4)
  2 scorpions
  7 killer bees
  4 wights (D:6)
  4 howler monkeys
  10 crimson imps
  4 centaur zombies
  A bullfrog zombie (D:11)
  A jelly (D:9)
  A quasit (D:5)
  5 hounds
  12 orc priests
  16 orc wizards
  A centaur skeleton (D:9)
  4 bullfrog skeletons
  6 iguanas
  Ijyb (D:4)
  Natasha (thrice) (D:3)
  7 worker ants
  A hound skeleton (D:5)
  3 worker ant zombies
  7 gnolls
  A howler monkey skeleton (D:4)
  11 adders
  2 shadow imps
  An ooze (D:2)
  4 worms
  2 dart slugs
  8 leopard geckos
  39 orcs
  9 bats
  6 giant cockroaches
  2 hobgoblins (D:2)
  9 jackals
  4 quokkas
  2 frilled lizards
  8 goblins
  2 goblin skeletons (D:9)
  2 goblin zombies (D:9)
  3 hobgoblin zombies (D:9)
  8 kobolds
  2 kobold skeletons (D:9)
  2 kobold zombies (D:9)
  2 orc skeletons (D:9)
  An orc zombie (D:9)
  A quokka zombie (D:5)
  4 rats
362 creatures vanquished.

Notes
Turn   | Place    | Note
-------+----------+-------------------------------------------
     0 | D:1      | Froggeryz the Gargoyle Gladiator began the quest for the
                  | Orb.
     0 | D:1      | Reached XP level 1. HP: 12/12 MP: 1/1
   122 | D:1      | Reached skill level 3 in Axes
   170 | D:1      | Reached XP level 2. HP: 17/17 MP: 2/2
   548 | D:1      | Reached skill level 1 in Shields
   642 | D:1      | Reached XP level 3. HP: 18/21 MP: 3/3
  1346 | D:2      | Reached XP level 4. HP: 24/26 MP: 4/4
  1378 | D:2      | Reached skill level 4 in Axes
  2002 | D:3      | Noticed Natasha
  2014 | D:3      | Killed Natasha
  2014 | D:3      | Reached XP level 5. HP: 11/30 MP: 5/5
  2238 | D:3      | Found an ancient bone altar of Kikubaaqudgha.
  2247 | D:3      | Found a glowing silver altar of Zin.
  2267 | D:3      | Found an iron altar of Okawaru.
  2267 | D:3      | Found a sparkling altar of Nemelex Xobeh.
  2268 | D:3      | Found a burning altar of Makhleb.
  2269 | D:3      | Found an opulent altar of Gozag.
  2273 | D:3      | Found a stormy altar of Qazlal.
  2278 | D:3      | Became a worshipper of Warmaster Okawaru
  2574 | D:3      | Noticed Natasha
  2585 | D:3      | Killed Natasha
  2868 | D:3      | Noticed Natasha
  2872 | D:3      | Killed Natasha
  2916 | D:4      | Noticed Duvessa
  2916 | D:4      | Noticed Dowan
  2955 | D:3      | Reached skill level 5 in Axes
  3185 | D:3      | Reached XP level 6. HP: 34/35 MP: 6/6
  3436 | D:4      | Found an opulent altar of Gozag.
  3488 | D:4      | Noticed Ijyb
  3522 | D:4      | Killed Ijyb
  3559 | D:4      | Killed Duvessa
  3582 | D:4      | Killed Dowan
  3582 | D:4      | Reached skill level 6 in Axes
  3582 | D:4      | Reached XP level 7. HP: 40/40 MP: 7/7
  3737 | D:4      | Reached * piety under Okawaru
  4031 | D:5      | Entered Level 5 of the Dungeon
  4382 | D:5      | Noticed Edmund
  4399 | D:5      | Killed Edmund
  4399 | D:5      | Reached skill level 5 in Shields
  4404 | D:5      | Reached skill level 7 in Axes
  4430 | D:5      | Reached XP level 8. HP: 44/45 MP: 8/8
  4623 | D:5      | Reached ** piety under Okawaru
  4695 | D:5      | Reached skill level 8 in Axes
  5104 | D:6      | Found a staircase to the Ecumenical Temple.
  5150 | D:6      | Noticed Eustachio
  5171 | D:6      | Reached XP level 9. HP: 45/53 MP: 9/9
  5177 | D:6      | Killed Eustachio
  5177 | D:6      | Reached skill level 5 in Fighting
  5177 | D:6      | Reached skill level 9 in Axes
  5248 | D:6      | Noticed Sigmund
  5268 | D:6      | Killed Sigmund
  5327 | D:6      | Noticed Blork the orc
  5337 | D:6      | Killed Blork the orc
  5402 | D:6      | Found a bloodstained altar of Trog.
  5751 | D:7      | Noticed Menkaure
  5908 | D:7      | Killed Menkaure
  5908 | D:7      | Reached *** piety under Okawaru
  5970 | D:7      | Noticed Joseph
  6209 | D:6      | Killed Joseph
  6209 | D:6      | Reached skill level 10 in Axes
  6272 | D:7      | Found Suawaxt's Antique Armour Shop.
  6284 | D:7      | Got a crude whip
  6421 | D:7      | Found Gual's Jewellery Shop.
  6914 | D:8      | Reached **** piety under Okawaru
  6953 | D:8      | Found a blossoming altar of Fedhas.
  7056 | D:8      | Reached XP level 10. HP: 60/63 MP: 10/10
  7534 | D:9      | Reached skill level 11 in Axes
  7808 | D:9      | Found a glowing golden altar of the Shining One.
  8031 | D:9      | Found Hitraulu's Magic Scroll Boutique.
  8045 | D:9      | Bought a scroll of fog for 28 gold pieces
  8119 | D:9      | Got a crude chain mail
  8120 | D:9      | Identified the +4 whip "Killer Bee's Bane" {freeze, +Rage
                  | Str+4} (You found it on level 7 of the Dungeon)
  8121 | D:9      | Identified the +2 chain mail of Qievvamu {rPois rF+} (You
                  | found it on level 9 of the Dungeon)
  8264 | D:10     | Entered Level 10 of the Dungeon
  8266 | D:10     | Noticed Erolcha
  8278 | D:10     | Killed Erolcha
  8280 | D:10     | Reached ***** piety under Okawaru
  8336 | D:10     | Reached skill level 12 in Axes
  8746 | D:10     | Reached XP level 11. HP: 42/68 MP: 11/11
  9641 | D:9      | HP: 1/68 [meliai/+0 war axe (10)]
  9965 | D:9      | Reached skill level 5 in Armour
 10202 | D:10     | Received a gift from Okawaru
 10315 | D:10     | Reached skill level 13 in Axes
 10711 | D:11     | Found a staircase to the Orcish Mines.
 10752 | D:11     | Found a staircase to the Lair.
 10804 | D:11     | Noticed a cyclops
 11432 | D:11     | Killed a cyclops
 11432 | D:11     | Received a gift from Okawaru
 11921 | Lair:1   | Entered Level 1 of the Lair of Beasts
 11942 | D:11     | Reached ****** piety under Okawaru
 12075 | Lair:1   | Received a gift from Okawaru
 12530 | Lair:1   | Reached XP level 12. HP: 56/73 MP: 12/12
 12698 | Lair:1   | Reached skill level 14 in Axes
 13119 | Lair:2   | Found a frozen archway.
 13254 | IceCv    | Entered an ice cave
 14516 | IceCv    | Reached skill level 15 in Axes
 14933 | IceCv    | Received a gift from Okawaru
 15501 | IceCv    | Noticed a death yak
 15501 | IceCv    | Noticed a frost giant
 15516 | IceCv    | Slain by a death yak

Illustrated notes

Levels and vault maps discovered:
D:1:      minmay_arrival_arboretum_large, layout_basic
D:2:      layout_loops_ring, minmay_close_crescents
D:3:      layout_loops_ring, minitemple, uniq_natasha
D:4:      layout_basic, first_ration, grunt_gozag_breadcrumbs, uniq_ijyb,
          uniq_duvessa
D:5:      layout_basic, uniq_edmund
D:6:      layout_cave_pools, kennysheep_little_box, minmay_temple_entry_fiery,
          serial_column_ruins, column_ruins_grid_1, column_ruins_open_small,
          column_ruins_open_tiny, column_ruins_columns_T,
          column_ruins_columns_plus, uniq_blork_the_orc, uniq_eustachio,
          uniq_sigmund
D:7:      layout_basic, serial_shops, shop_statue, shop, uniq_menkaure,
          uniq_joseph
D:8:      layout_loops_cross, old_standard_altar
D:9:      layout_rooms, nicolae_tso_besieged_by_evil, serial_shops,
          nicolae_shop_waterfront
D:10:     layout_roguey, uniq_erolcha
D:11:     layout_irregular_city, lair_entry_dummy, orc_0_dummy,
          minmay_sticks_and_stones
Lair:1:   layout_regular_city, chequers_serial_rivers_small_b,
          beast_lair_carwin_4
Lair:2:   layout_roguey, portal_ice_cave_rime, lemuel_fruit_tree,
          grunt_megastairs_4, minmay_lair_oklob_chamber, uniq_gastronok
IceCv:    ice_cave_caverns_01

Skill      XL: |  1  2  3  4  5  6  7  8  9 10 11 12 |
---------------+-------------------------------------+-----
Axes           | 3 4 5 6 7 8 10 12 13 15 | 15.2
Shields        | 1 2 3 4 5 6 8 |  8.7
Fighting       | 4 7 8 |  8.1
Armour         | 4 6 |  6.4
Throwing       | |  1.7
Dodging        | |  2.4

Action                   |  1- 3 |  4- 6 |  7- 9 | 10-12 || total
-------------------------+-------+-------+-------+-------++-------
Melee: War axe           |   105 |   159 |   392 |  1007 ||  1663
Invok: Heroism           |       |       |       |     2 ||     2
Evoke: Wand              |       |     1 |       |     4 ||     5
  Use: Scroll            |       |     5 |       |    20 ||    25
       Potion            |       |     4 |       |     5 ||     9
 Stab: Paralysed         |       |     5 |       |    11 ||    16
       Invisible         |       |     5 |       |       ||     5
  Eat: Chunk             |     2 |     6 |    13 |    23 ||    44
       Ration            |       |       |       |     2 ||     2
Armor: Leather armour    |    45 |    31 |       |       ||    76
       Ring mail         |       |    17 |       |       ||    17
       Scale mail        |       |    22 |   255 |    77 ||   354
       Chain mail        |       |       |       |   532 ||   532
Dodge: Dodged            |   102 |   108 |   203 |   403 ||   816
       Repelled          |       |       |       |     5 ||     5
Block: Buckler           |       |       |   103 |   265 ||   368
